 Dungeon Crawl Stone Soup version 0.25.1-8-g42b30a86e7 (webtiles) character file.

Game seed: 3999047883529501547

16 Doot the Insei (level 2, 0/20 HPs)
             Began as a Vampire Transmuter on Dec 17, 2020.
             Slain by a goblin
             ... wielding a +0 dagger
              (3 damage)
             ... on level 1 of the Dungeon.
             The game lasted 00:00:39 (200 turns).

Doot the Insei (Vampire Transmuter)                  Turns: 200, Time: 00:00:40

Health: 0/20       AC:  2    Str:  9    XL:     2   Next: 41%
Magic:  4/5        EV: 13    Int: 15    God:
Gold:   0          SH:  0    Dex: 14    Spells: 4/5 levels left

rFire    . . .     SeeInvis +     - Unarmed
rCold    . . .     Gourm    .   (no shield)
rNeg     . . .     Faith    .   b - +0 robe
rPois    .         Spirit   .   (no helmet)
rElec    .         Reflect  .   (no cloak)
rCorr    .         Harm     .   (no gloves)
MR       .....                  (no boots)
Stlth    +.........             (no amulet)
HPRegen  0.26/turn              (no ring)
MPRegen  0.09/turn              (no ring)

@: appendage, regenerating quickly
A: no food, fangs 3, horns 2, see invisible, unbreathing
a: Exsanguinate, End Transformation


You were on level 1 of the Dungeon.
You were alive.
You had grown temporary horns.
You visited 1 branch of the dungeon, and saw 1 of its levels.

Inventory:

Missiles
 a - 12 arrows
Armour
 b - a +0 robe (worn)
Scrolls
 c - a scroll of identify {unknown}


   Skills:
 + Level 0.8 Fighting
 + Level 2.5 Dodging
 + Level 3.9 Unarmed Combat
 + Level 2.0 Spellcasting
 + Level 2.1 Transmutations


You had 4 spell levels left.
You knew the following spells:

 Your Spells              Type           Power        Failure   Level  Hunger
a - Beastly Appendage     Tmut           #.....       9%          1    N/A

Your spell library contained the following spells:

 Spells                   Type           Power        Failure   Level  Hunger
 Sticks to Snakes         Tmut           #.......     14%         2    N/A
 Spider Form              Tmut/Pois      #.........   38%         3    N/A
 Ice Form                 Ice/Tmut       #.......     80%         4    N/A
 Blade Hands              Tmut           #.........   94%         5    N/A

Dungeon Overview and Level Annotations

Branches:
Dungeon (1/15)

Altars:


Innate Abilities, Weirdness & Mutations

You do not eat.
Your natural rate of healing is unusually fast.
You have razor-sharp teeth.
You have supernaturally acute eyesight. (SInv)
You can survive without breathing.
You have a pair of horns on your head.


Message History

The leopard gecko closely misses you.
You hit the leopard gecko but do no damage.
The leopard gecko is almost dead.
The leopard gecko bites you. The leopard gecko barely misses you.
Casting: Beastly Appendage (safe; 9% risk of failure)
Confirm with . or Enter, or press ? or * to list all spells.
You grow a pair of large bovine horns.
The leopard gecko closely misses you. The leopard gecko bites you. x2
* * * LOW HITPOINT WARNING * * *
You are too injured to fight recklessly!
You are too injured to fight recklessly!
The leopard gecko misses you. The leopard gecko barely misses you.
You see here a stone.
A goblin comes into view. It is wielding a +0 dagger.
The goblin shouts!
The goblin hits you with a +0 dagger.
* * * LOW HITPOINT WARNING * * *
The goblin hits you with a +0 dagger.
You die...

.......†###...# #.#
##.####...#...####...##
#.# ###.#........#..#
#)# #.....###.....# #
#.# #...).##...#..# ..
#.# #.....#..# #.## ..#
#.# ....###...# #..#
...# #.# ..####
##..#####..#...# #.##.
#lg@..........# #.#.
###.##..........# #.#
#gl.##............ ....
###.########........
.#.#######.(.#####
.........
........).(........
..##...#.
.#....)##.###########.#
#..# #........# ...
.... #...(.......# ...
...


You could see 2 leopard geckos and 2 goblins.

Vanquished Creatures
  2 leopard geckos (D:1)
  3 goblins (D:1)
  2 hobgoblins (D:1)
  A kobold (D:1)
  2 bats (D:1)
  2 frilled lizards (D:1)
  2 rats (D:1)
14 creatures vanquished.

Notes
Turn   | Place    | Note
-------+----------+-------------------------------------------
     0 | D:1      | Doot the Vampire Transmuter began the quest for the Orb.
     0 | D:1      | Reached XP level 1. HP: 14/14 MP: 3/3
   139 | D:1      | Reached XP level 2. HP: 20/20 MP: 3/5
   200 | D:1      | Slain by a goblin

Illustrated notes

Levels and vault maps discovered:
D:1:      lemuel_arrival_behind_the_door_small, layout_rooms,
          minmay_misc_feat_diagonals, st_stairs_5

Action                   || total
-------------------------++-------
Melee: Unarmed           ||    51
       Kick              ||     5
       Bite              ||     6
       Headbutt          ||     1
 Cast: Beastly Appendage ||     7
Armor: Robe              ||    25
Dodge: Dodged            ||    48
